Map: Newkirk Precinct TE (Void)

Players

MaSa

  • Race: Terran Terran
  • Spawn Location: 7:00

uThermal - Winner!

  • Race: Terran Terran
  • Spawn Location: 5:00

Event: WCS Austin 2017

VOD

Have the link to the VOD?

Description

Time

  • Played on: April 28, 2017, 5:17 p.m.
  • Length: 4:44

All games in this series

Show
View Real Time Build Order
Export as new Build Order

MaSa Terran 

Build Orders: 1/1/1, Liberator Opening 

Get SALT Encoding   

  12  0:00  SCV  
  13  0:12  SCV  
  14  0:19  Supply Depot  
  14  0:25  SCV  
  15  0:29  Refinery  
  15  0:40  SCV  
  16  0:46  Barracks  
  16  0:52  SCV  
  17  0:57  Refinery  
  17  1:04  SCV  
  18  1:16  SCV  
  19  1:29  SCV  
  20  1:33  Factory  
  20  1:34  Reaper  
  21  1:41  Orbital Command  
  21  1:52  Supply Depot  
  21  2:06  Reaper  
  21  2:08  SCV  
  23  2:20  SCV  
  23  2:22  Starport  
  27  2:33  Hellion  
  27  2:34  Bunker  
  26  2:38  Reaper  
  26  2:39  Supply Depot  
  24  2:54  Hellion  
  22  3:00  Medivac  
  25  3:20  Hellion  
  25  3:22  Liberator  
  25  3:29  Reaper  
  26  3:46  Hellion  
Show
View Real Time Build Order
Export as new Build Order

uThermal Terran - Winner!

Build Orders:  

Get SALT Encoding   

  12  0:01  SCV  
  13  0:13  SCV  
  14  0:18  Supply Depot  
  14  0:25  SCV  
  15  0:41  Barracks  
  15  0:45  Refinery  
  15  0:59  Barracks  
  15  1:03  SCV  
  16  1:15  SCV  
  16  1:16  Refinery  
  17  1:27  SCV  
  17  1:28  Reaper  
  19  1:41  Orbital Command  
  19  1:46  Reaper  
  20  2:01  Reaper  
  21  2:03  Supply Depot  
  21  2:08  SCV  
  21  2:18  Reaper  
  22  2:23  SCV  
  23  2:33  Reaper  
  23  2:35  SCV  
  25  2:45  Factory  
  25  2:50  Reaper  
  26  3:00  SCV  
  26  3:05  Reaper  
  26  3:12  SCV  
  26  3:22  Reaper  
  26  3:24  SCV  
  27  3:33  Cyclone  
  30  3:37  Reaper  
  30  3:38  Supply Depot  
  31  3:48  Starport  
  31  3:59  SCV  
  31  4:00  Reaper  
  30  4:12  SCV  
  34  4:24  SCV  
  35  4:28  Supply Depot  
Tags
 
Add a new tag
Caveats
  • Supply blocks, unpowered buildings, or Contaminate may cause inaccurate times.
  • Supply counts are checked every 10 seconds.